 Dungeon Crawl Stone Soup version 0.14-a0-3154-g428849b (webtiles) character file.

500 Badjas the Ruinous (level 6, 0/37 HPs)
             Began as an Octopode Conjurer on Mar 9, 2014.
             Was an Initiate of Fedhas.
             Slain by a sky beast (6 damage)
             ... on Level 5 of the Dungeon.
             The game lasted 00:32:12 (4397 turns).

Badjas the Ruinous (Octopode Conjurer)              Turns: 4397, Time: 00:32:13

HP   0/37        AC  1     Str  7      XL: 6   Next: 88%
MP   6/13        EV 13     Int 20      God: Fedhas [......]
Gold 92          SH  0     Dex 12      Spells:  3 memorised,  5 levels left

rFire  . . .     SeeInvis .     (no weapon)
rCold  . . .     Clarity  .     (no shield)
rNeg   . . .     Conserve .     (helmet restricted)
rPois  .         rCorr    .     (no amulet)
rElec  .         rRot     .     (no ring)
SustAb . .       Spirit   .     (no ring)
rMut   .         Warding  .     (no ring)
Saprov . . .     Stasis   .     (no ring)
MR     .....                    (no ring)
                                (no ring)
                                (no ring)
                                (no ring)

@: not resistant to hostile enchantments, quite stealthy
A: almost no armour, amphibious, 8 rings, constrict 8, camouflage 1, gelatinous
body 1
a: Renounce Religion


You were on level 5 of the Dungeon.
You worshipped Fedhas.
Fedhas was noncommittal.
You were hungry.

You visited 1 branch of the dungeon, and saw 6 of its levels.
You also visited: Ossuary.

You collected 92 gold pieces.

Inventory:

Hand weapons
 k - a +0,+0 sling
 A - a +0,+0 sling
 I - a +0,+0 sling
Missiles
 f - 27 darts (quivered)
 i - 12 poisoned needles
 o - 16 sling bullets of flame
 t - 8 needles of confusion
 u - 3 poisoned javelins
 B - 37 stones
Magical devices
 C - a wand of polymorph (5)
 H - a wand of flame (5)
 K - a wand of cold (1)
Comestibles
 b - 3 bread rations
 h - a cheese
 l - a banana
 E - an orange
 F - 3 apples
 G - an apricot
Scrolls
 d - 3 scrolls of teleportation {unknown}
 e - 2 scrolls of identify {unknown}
 g - 6 scrolls of remove curse {unknown}
 q - a scroll of random uselessness {unknown}
 r - a scroll of enchant weapon II {unknown}
 v - 2 scrolls of amnesia {unknown}
 w - 2 scrolls of enchant armour {unknown}
 x - a scroll of enchant weapon I {unknown}
 y - a scroll of magic mapping {unknown}
 z - a scroll of fog {unknown}
Potions
 j - a potion of paralysis {unknown}
 m - 2 potions of brilliance
 n - a potion of might
 p - a potion of mutation {unknown}
Books
 c - a book of Conjurations

   Spells                             Type                      Level
   *Magic Dart                        Conjuration                  1
   *Searing Ray                       Conjuration                  2
   Dazzling Spray                     Conjuration/Hexes            3
   *Fulminant Prism                   Conjuration/Hexes            4
   Iskenderun's Mystic Blast          Conjuration                  4
   Iskenderun's Battlesphere          Conjuration/Charms           5


   Skills:
 + Level 0.4 Fighting
 + Level 0.2 Throwing
 + Level 3.1 Dodging
 + Level 4.2 Stealth
 + Level 0.4 Unarmed Combat
 + Level 3.7 Spellcasting
 + Level 6.0 Conjurations


You had 5 spell levels left.
You knew the following spells:

 Your Spells              Type           Power        Failure   Level  Hunger
a - Magic Dart            Conj           ####         1%          1    None
b - Searing Ray           Conj           ####..       1%          2    #......
c - Fulminant Prism       Conj/Hex       ###.......   45%         4    ####...


Dungeon Overview and Level Annotations

Branches:
Dungeon (6/16)
 Temple: D:4-7

Altars:
Fedhas
Trog
Vehumet

Shops:
D:4 [

Annotations:
D:3 Natasha
D:5 exclusion: statue
D:6 Pr0man's ghost, experienced NaFi


Innate Abilities, Weirdness & Mutations

You cannot wear most types of armour.
You are amphibious.
You can wear up to eight rings at the same time.
You can use your tentacles to constrict many enemies at once.
Your skin changes colour to match your surroundings (Stlth).
Your rubbery body absorbs attacks (AC +1).


Message History

Casting: Magic Dart
Confirm with . or Enter, or press ? or * to list all spells.
Aiming: Magic Dart
Press: ? - help, Shift-Dir - straight line, f/p - sky beast
Aim: a sky beast (heavily wounded)
The magic dart hits the sky beast.
The sky beast is heavily wounded.
The sky beast misses you.
Casting: Magic Dart
Confirm with . or Enter, or press ? or * to list all spells.
Aiming: Magic Dart
Press: ? - help, Shift-Dir - straight line, f/p - sky beast
Aim: a sky beast (heavily wounded)
The magic dart hits the sky beast.
The sky beast is severely wounded.
The sky beast hits you.
* * * LOW HITPOINT WARNING * * *
The sky beast shocks you!
You die...
Fedhas appreciates your contribution to the ecosystem.

#.......##.# #.##.....
#>......##.#####.##.....
#.......................
#%......########.##<.###
#...#<#.# #.##..#
#####.#.########.##..###
#...................≈...
#.###.#.########.##..###
#.#@# #.##..###
.........I..# #.##.....
....[......# #.#.O.###
...........# #.#......
.z.......%.# #.#.>.###
..........# #.##### #
####.....# #.# #.....#
.....


You could see a sky beast.

Vanquished Creatures
  A sky beast (D:6)
  An ogre (D:6)
  A black bear skeleton (D:5)
  2 hounds
  An iguana (D:6)
  2 mummies (Ossuary)
  2 adders
  A worm (D:5)
  4 giant geckos
  2 orcs
  A ball python (D:4)
  9 bats
  2 giant cockroaches (D:1)
  16 hobgoblins
  4 kobolds
  2 quokkas
  A giant mite zombie (D:5)
  2 giant newts
  11 goblins
  A kobold skeleton (D:6)
  5 rats
71 creatures vanquished.

Vanquished Creatures (others)
  A worker ant zombie (D:6)
  6 toadstools
7 creatures vanquished.

Grand Total: 78 creatures vanquished

Notes
Turn   | Place    | Note
--------------------------------------------------------------
     0 | D:1      | Badjas, the Octopode Conjurer, began the quest for the Orb.
     0 | D:1      | Reached XP level 1. HP: 11/11 MP: 3/3
   257 | D:1      | Reached XP level 2. HP: 17/17 MP: 1/4
   706 | D:1      | Reached XP level 3. HP: 11/21 MP: 3/6
  1340 | D:2      | Found a bloodstained altar of Trog.
  1969 | D:3      | Noticed Natasha
  2016 | D:4      | Found Gowneo's Antique Armour Boutique.
  2033 | D:4      | Reached skill level 5 in Conjurations
  2033 | D:4      | Reached XP level 4. HP: 27/27 MP: 1/7
  2201 | D:4      | Noticed a phantom
  2523 | D:4      | Found a sand-covered staircase.
  2550 | Ossuary  | Entered an ossuary
  3042 | D:5      | Entered Level 5 of the Dungeon
  3050 | D:5      | Found a radiant altar of Vehumet.
  3050 | D:5      | Noticed a charred statue
  3055 | D:5      | Learned a level 2 spell: Searing Ray
  3060 | D:5      | Learned a level 4 spell: Fulminant Prism
  3078 | D:5      | Reached XP level 5. HP: 27/31 MP: 2/9
  3468 | D:5      | Noticed an ogre
  3488 | D:5      | Noticed a sky beast
  3552 | D:6      | Killed a sky beast
  3552 | D:6      | Reached XP level 6. HP: 18/36 MP: 8/13
  3761 | D:6      | Noticed an ice beast
  3907 | D:6      | Found a blossoming altar of Fedhas.
  3910 | D:6      | Noticed an ogre
  3916 | D:6      | Killed an ogre
  3948 | D:6      | Became a worshipper of Fedhas Madash
  4108 | D:6      | Reached skill level 6 in Conjurations
  4247 | D:6      | Noticed Pr0man's ghost (experienced NaFi)
  4381 | D:5      | Noticed a sky beast
  4397 | D:5      | Slain by a sky beast

Action                   |  1- 3 |  4- 6 || total
-------------------------+-------+-------++-------
Melee: Unarmed           |    13 |    23 ||    36
Throw: Dart              |     2 |       ||     2
 Cast: Magic Dart        |    67 |   108 ||   175
       Searing Ray       |       |    11 ||    11
Evoke: Wand              |       |     3 ||     3
  Use: Potion            |       |    12 ||    12
 Stab: Sleeping          |       |     2 ||     2
